 Dungeon Crawl Stone Soup version 0.26.0-18-gc5c842f807 (webtiles) character file.

Game seed: 13178254954520366774

54 thiole the Sneak (level 3, 0/21 HPs)
             Began as an Octopode Hedge Wizard on Jan 22, 2021.
             Slain by Robin
             ... wielding a +0 spear
              (7 damage)
             ... on level 3 of the Dungeon.
             The game lasted 00:03:10 (2021 turns).

thiole the Sneak (Octopode Hedge Wizard)            Turns: 2021, Time: 00:03:11

Health: 0/21       AC:  1    Str:  9    XL:     3   Next: 91%
Magic:  7/7        EV: 13    Int: 17    God:
Gold:   109        SH:  0    Dex: 11    Spells: 0/8 levels left

rFire    . . .     SeeInvis .   a - +0 dagger
rCold    . . .     Faith    .   (no shield)
rNeg     . . .     Spirit   .   b - +0 hat
rPois    .         Reflect  .   (no amulet)
rElec    .         Harm     .   (no ring)
rCorr    .         Rampage  .   (no ring)
Will     .....                  (no ring)
Stlth    +++.......             (no ring)
HPRegen  0.07/turn              (no ring)
MPRegen  0.10/turn              (no ring)
                                (no ring)
                                (no ring)

@: no status effects
A: almost no armour, stealthy swim, amphibious, 8 rings, constrict 8, camouflage
1, gelatinous body 1
a: no special abilities


You were on level 3 of the Dungeon.
You visited 1 branch of the dungeon, and saw 3 of its levels.

You collected 109 gold pieces.

Inventory:

Hand Weapons
 a - a +0 dagger (weapon)
Armour
 b - a +0 hat (worn)
Scrolls
 c - a scroll of magic mapping {unknown}
 f - a scroll of blinking {unknown}
 g - 4 scrolls of identify {unknown}
 i - a scroll of teleportation {unknown}
Potions
 d - a potion of heal wounds {unknown}
 e - 4 potions of might {unknown}
 h - a potion of curing
 j - a potion of flight {unknown}


   Skills:
 - Level 2.0 Dodging
 + Level 3.7 Stealth
 + Level 3.3 Spellcasting
 - Level 2.0 Conjurations
 - Level 2.0 Summonings
 - Level 1.0 Translocations


You couldn't memorise any spells.
You knew the following spells:

 Your Spells              Type           Power        Failure   Level
a - Magic Dart            Conj           36%          8%          1
b - Call Imp              Summ           9%           11%         2
c - Slow                  Hex            2%           26%         2
d - Mephitic Cloud        Conj/Pois/Air  5%           36%         3

Your spell library contained the following spells:

 Spells                   Type           Power        Failure   Level
 Blink                    Tloc           N/A          17%         2
 Conjure Flame            Conj/Fire      6%           32%         3


Dungeon Overview and Level Annotations

Branches:
Dungeon (3/15)

Altars:

Annotations:
D:3 Robin


Innate Abilities, Weirdness & Mutations

You cannot wear most types of armour.
You are very stealthy in the water. (Stealth+)
You are amphibious.
You can wear up to eight rings at the same time.
You can use your tentacles to constrict eight enemies at once.
Your skin changes colour to match your surroundings (Stealth+).
Your rubbery body absorbs attacks. (AC +1, EV +1)


Message History

Your squeeze misses the frilled lizard. The frilled lizard misses you.
You hit the frilled lizard. Your grab misses the frilled lizard.
The frilled lizard is heavily wounded.
Robin hits you from afar with a +0 spear.
The frilled lizard misses you.
You miss the frilled lizard.
The goblin shouts!
Your grab misses the frilled lizard. You squeeze the frilled lizard.
You kill the frilled lizard!
You hear a shout!
Robin laughs in a distinctly smug fashion.
Robin closely misses you.
A goblin comes into view.
Robin hits you with a +0 spear!
* * * LOW HITPOINT WARNING * * *
Items here: )) ††.
You feel better.
The adder hisses angrily.
Robin hits you with a +0 spear!
You die...

# #..## . ..#.#
#.#.. #. ..#.
###..# ..##...
.....#####.#..#...
#........ggg. ....
....g#####>#. ..#
.# .....####g...
#.# .#
...gg..g...#
#.####.# #
.....####..#
#@#....#S# .....#
...####g....S#.##
#.####
....?............
#...#
#..#######.....##
###g# #..# ##g..##
. #.# #..# ##g##
.##g# #..# #.#
....# #..# #.#
.#..#
#..#########l#


You could see Robin, an adder and 2 goblins.

Vanquished Creatures
  A worm (D:2)
  A leopard gecko (D:1)
  4 bats
  2 giant cockroaches
  11 hobgoblins
  2 ball pythons
  4 frilled lizards
  11 goblins
  5 kobolds
  6 rats
47 creatures vanquished.

Notes
Turn   | Place    | Note
-------+----------+-------------------------------------------
     0 | D:1      | thiole the Octopode Hedge Wizard began the quest for the
                  | Orb.
     0 | D:1      | Reached XP level 1. HP: 11/11 MP: 4/4
   143 | D:1      | Reached XP level 2. HP: 12/17 MP: 4/6
  1104 | D:1      | Reached XP level 3. HP: 21/21 MP: 5/7
  1172 | D:2      | Learned a level 2 spell: Call Imp
  1175 | D:2      | Learned a level 2 spell: Slow
  1859 | D:3      | Learned a level 3 spell: Mephitic Cloud
  1957 | D:3      | Noticed Robin
  2021 | D:3      | Slain by Robin

Illustrated notes

Levels and vault maps discovered:
D:1:      minmay_arrival_three_doors, layout_loops_cross
D:2:      layout_loops_cross
D:3:      layout_loops_ring, cheibrodos_sewer_entry_bend, dk_noncrumbling_4,
          amethyst_killhole, uniq_robin

Skill      XL: |  1  2  3 |
---------------+----------+-----
Stealth        | 3 |  3.7
Conjurations   | 2 |  2.0
Summonings     | 2 |  2.0
Dodging        | |  2.0
Spellcasting   | |  3.3
Translocations | |  1.0

Action                   || total
-------------------------++-------
Melee: Dagger            ||    56
       Constrict         ||    16
       Tentacles         ||    10
 Cast: Magic Dart        ||    84
  Use: Potion            ||     2
Armor: Skin              ||     3
Dodge: Dodged            ||    42
